 Dungeon Crawl Stone Soup version 0.30-a0-652-gcc886f7154 (webtiles) character file.

Game seed: 9771967339252780718

5352 PyroL the Fighter (level 10, -6/70 HPs)
             Began as a Gargoyle Earth Elementalist on Jan 17, 2023.
             Mangled by a death yak (20 damage)
             ... on level 8 of the Dungeon.
             The game lasted 00:16:48 (9173 turns).

PyroL the Fighter (Gargoyle Earth Elementalist)     Turns: 9173, Time: 00:16:49

Health: -6/70      AC: 18    Str: 12    XL:     10   Next: 65%
Magic:  8/19       EV: 11    Int: 20    God:
Gold:   598        SH:  0    Dex: 10    Spells: 15/21 levels left

rFire   + . .      SeeInvis +    D - +0 flail of Mourning {flame, rPois rCorr}
rCold   . . .      Faith    .    (no shield)
rNeg    + . .      Spirit   .    H - +2 leather armour {rF+}
rPois   ∞          Reflect  .    g - +2 hat
rElec   +          Harm     .    (no cloak)
rCorr   +          Rampage  .    (no gloves)
Will    .....                    c - +2 pair of boots
Stlth   +++                      q - amulet of the acrobat
HPRegen 0.31/turn                e - ring of see invisible
MPRegen 0.16/turn                (no ring)

@: about to teleport, very slightly contaminated, unable to drink
A: sickness immunity, AC +7, negative energy resistance 1, electricity
resistance, torment resistance 1, petrification resistance, camouflage 1,
inability to drink after injury 1
a: no special abilities


You were on level 8 of the Dungeon.
You visited 2 branches of the dungeon, and saw 10 of its levels.

You collected 598 gold pieces.

Inventory:

Hand Weapons
 D - the +0 flail of Mourning (weapon) {flame, rPois rCorr}
   (You found it on level 4 of the Dungeon)

   rPois:     It protects you from poison.
   rCorr:     It protects you from acid and corrosion.
Missiles
 a - a throwing net
Armour
 c - a +2 pair of boots (worn)
 g - a +2 hat (worn)
 H - a +2 leather armour of fire resistance (worn)
Magical Staves
 s - a staff of earth
Jewellery
 e - a ring of see invisible (left hand)
 q - an amulet of the acrobat (around neck)
 z - a ring of fire
 N - a ring of protection from fire
Wands
 i - a wand of paralysis (13)
 p - a wand of roots (8)
 B - a wand of flame (41)
 M - a wand of mindburst (24)
Scrolls
 d - a scroll of enchant armour
 f - a scroll of torment
 h - a scroll of magic mapping {unknown}
 k - 2 scrolls of blinking
 r - a scroll of fear {unknown}
 t - 2 scrolls of noise {unknown}
 u - a scroll of fog {unknown}
 x - a scroll of immolation {unknown}
 y - a scroll of summoning {unknown}
 A - a scroll of silence {unknown}
 C - a scroll of brand weapon {unknown}
 F - 2 scrolls of enchant weapon {unknown}
 J - a scroll of teleportation
 L - 2 scrolls of amnesia {unknown}
 O - 3 scrolls of poison {unknown}
Potions
 b - a potion of magic
 j - a potion of brilliance {unknown}
 l - 2 potions of attraction
 m - 2 potions of ambrosia
 n - 6 potions of curing
 o - 3 potions of mutation
 v - 2 potions of heal wounds
 w - 3 potions of flight
 E - 2 potions of resistance
 G - a potion of invisibility {unknown}
 I - a potion of haste {unknown}
 K - a potion of lignification {unknown}


   Skills:
 - Level 11.5 Fighting
 - Level 5.0 Armour
 - Level 1.5 Dodging
 - Level 2.1 Stealth
 - Level 6.0 Spellcasting
 - Level 0.7 Transmutations
 + Level 10.5 Earth Magic


You had 15 spell levels left.
You knew the following spells:

 Your Spells              Type           Power      Damage    Failure   Level
a - Sandblast             Erth           96%        2d20      1%          1
b - Stone Arrow           Conj/Erth      54%        3d10      4%          3
c - Passwall              Tmut/Erth      23%        N/A       1%          2

Your spell library contained the following spells:

 Spells                   Type           Power      Damage    Failure   Level
 Magic Dart               Conj           24%        1d4       13%         1
 Petrify                  Tmut/Erth      28%        N/A       13%         4
 Blink                    Tloc           12%        N/A       21%         2
 Call Imp                 Summ           6%         N/A       21%         2
 Mephitic Cloud           Conj/Pois/Air  6%         N/A       36%         3
 Manifold Assault         Tloc           6%         N/A       78%         4
 Storm Form               Tmut/Air       3%         N/A       100%        7


Dungeon Overview and Level Annotations

Branches:
Dungeon (9/15)             Temple (1/1) D:5
   Lair: D:8-11         Orc: D:9-12

Altars:
Ashenzari
Cheibriados
Dithmenos
Elyvilon
Fedhas
Hepliaklqana
Makhleb
Nemelex Xobeh
Okawaru
Qazlal
Ru
Trog
Wu Jian
Yredelemnul
Zin
The Shining One

Shops:
D:3 (

Annotations:
D:3 CraigOfTheCreek's ghost, amateur GnWn


Innate Abilities, Weirdness & Mutations

You are immune to sickness and miasma.
Your stone body is resilient. (AC +7)
You are immune to poison.
You resist negative energy. (rN+)
You are resistant to electric shocks. (rElec)
You are resistant to unholy torment.
You are immune to petrification.
Your skin changes colour to match your surroundings (Stealth+).
You occasionally lose the ability to drink potions when taking damage.


Message History

There is a stone staircase leading down here.
The yak attacks as you move away! The yak gores you but does no damage.
The death yak gores you but does no damage.
Casting: Sandblast (safe; 1% risk of failure)
Confirm with . or Enter, or press ? or * to list all spells.
Aiming: Stone Arrow (dangerous; 4% risk of failure)
Press: ? - help, Shift-Dir - straight line, f - death yak
Aim: a death yak (90% to hit)
You miscast Stone Arrow.
You are very lightly contaminated with residual magic.
Nothing appears to happen.
The yak gores you but does no damage. The death yak gores you.
Casting: Stone Arrow (dangerous; 4% risk of failure)
Confirm with . or Enter, or press ? or * to list all spells.
Aiming: Stone Arrow (dangerous; 4% risk of failure)
Press: ? - help, Shift-Dir - straight line, f/p - death yak
Aim: a death yak (90% to hit)
The stone arrow hits the death yak!
The death yak is lightly wounded.
The yak gores you.
The death yak gores you but does no damage.
The blast of sand hits the death yak.
The death yak is moderately wounded.
The yak gores you. The death yak gores you!
The blast of sand hits the death yak.
The death yak is moderately wounded.
The yak barely misses you.
The death yak gores you but does no damage.
The yak gores you but does no damage. The death yak gores you!!
* * * LOW HITPOINT WARNING * * *
You hit the death yak but do no damage.
The death yak is moderately wounded.
The yak gores you.
* * * LOW HITPOINT WARNING * * *
The death yak gores you!
You feel threatened and lose the ability to drink potions!
* * * LOW HITPOINT WARNING * * *
As you read the scroll of teleportation, it crumbles to dust.
You feel strangely unstable. The yak misses you. The death yak gores you!!
You die...

...# #.........# ...####
#.....##### .#....#
######....## .####.#
#.........# .# #.####
#.........# .##
#....###.........# ..#
####.........##..#
#.###............##..#
........####....@##..#
.....#.#####....YY...#
...................#.#
##...#######......##.#######
...#....#....##....))......#
.....##.......#...##.......#
....###...###....###.......#
....###.### ###...##.......#
........# #..#.##.....).#


You could see a death yak and a yak.

Vanquished Creatures
  Gastronok (D:8)
  A two-headed ogre (D:8)
  Maurice (D:8)
  2 yaks (D:9)
  Eustachio (D:5)
  Menkaure (D:5)
  Edmund (D:5)
  An acid dragon (D:8)
  A water moccasin (D:7)
  A black bear (D:6)
  A sky beast (D:8)
  A hornet zombie (D:3)
  2 ice beasts (D:5)
  A centaur (D:5)
  2 bullfrogs
  A kobold brigand (D:4)
  2 necrophages
  A gnoll sergeant (D:8)
  2 scorpions (D:4)
  9 wights (D:8)
  3 howler monkeys
  2 orc priests (D:8)
  3 hounds
  4 jellies
  5 iguanas
  9 orc wizards
  Terence (D:2)
  8 gnolls (D:8)
  8 adders
  A howler monkey skeleton (D:3)
  3 white imps
  An ufetubus (D:6)
  3 worms
  A dart slug (D:5)
  19 orcs
  6 ball pythons
  3 bats (D:1)
  5 endoplasms
  5 giant cockroaches
  7 goblins
  3 hobgoblins
  5 jackals
  8 quokkas
  3 frilled lizards
  10 kobolds
  6 rats
165 creatures vanquished.

Notes
Turn   | Place    | Note
-------+----------+-------------------------------------------
     0 | D:1      | PyroL the Gargoyle Earth Elementalist began the quest for
                  | the Orb.
     0 | D:1      | Reached XP level 1. HP: 10/10 MP: 3/3
   169 | D:1      | Reached XP level 2. HP: 15/15 MP: 1/5
   574 | D:1      | Reached XP level 3. HP: 19/19 MP: 3/6
  1281 | D:2      | Noticed Terence
  1291 | D:2      | Killed Terence
  1292 | D:2      | Reached XP level 4. HP: 12/24 MP: 1/8
  1513 | D:2      | Reached skill level 5 in Earth Magic
  1997 | D:3      | Reached XP level 5. HP: 28/28 MP: 8/10
  2078 | D:3      | Found a transporter.
  2192 | D:3      | Found Reowuib's Antique Weapon Shoppe.
  2385 | D:3      | Found a transporter.
  2387 | D:3      | Noticed CraigOfTheCreek's ghost (amateur GnWn)
  2549 | D:3      | Learned a level 3 spell: Stone Arrow
  2552 | D:3      | Learned a level 2 spell: Passwall
  3212 | D:4      | Noticed a kobold brigand
  3220 | D:4      | Killed a kobold brigand
  3221 | D:4      | Reached XP level 6. HP: 32/32 MP: 12/12
  3580 | D:4      | Reached XP level 7. HP: 28/36 MP: 3/14
  3675 | D:4      | Identified the +0 flail of Mourning {flame, rPois rCorr}
  3804 | D:5      | Entered Level 5 of the Dungeon
  3826 | D:5      | Reached skill level 5 in Spellcasting
  3939 | D:5      | Noticed Edmund
  3954 | D:5      | Gained mutation: You occasionally lose the ability to drink
                  | potions when taking damage. [potion of mutation]
  3954 | D:5      | Gained mutation: Your skin changes colour to match your
                  | surroundings (Stealth+). [potion of mutation]
  3959 | D:5      | Killed Edmund
  4200 | D:5      | Reached XP level 8. HP: 24/41 MP: 7/17
  4342 | D:5      | Noticed Eustachio
  4350 | D:5      | Killed Eustachio
  4454 | D:5      | Noticed Menkaure
  4463 | D:5      | Killed Menkaure
  4518 | D:5      | Found a staircase to the Ecumenical Temple.
  4527 | Temple   | Entered the Ecumenical Temple
  4824 | D:3      | Reached skill level 10 in Earth Magic
  4824 | D:3      | Reached skill level 1 in Fighting
  4824 | D:3      | Reached skill level 1 in Armour
  5571 | D:5      | Reached skill level 2 in Fighting
  5731 | D:6      | Reached skill level 3 in Fighting
  5845 | D:6      | Reached XP level 9. HP: 48/51 MP: 14/18
  5917 | D:6      | Found a snail-covered altar of Cheibriados.
  5943 | D:6      | Found a shadowy altar of Dithmenos.
  5944 | D:6      | Found a glowing golden altar of the Shining One.
  5945 | D:6      | Found a stormy altar of Qazlal.
  5945 | D:6      | Found a sparkling altar of Nemelex Xobeh.
  5946 | D:6      | Found an iron altar of Okawaru.
  5948 | D:6      | Found a glowing silver altar of Zin.
  6162 | D:6      | Reached skill level 4 in Fighting
  7127 | D:7      | Reached skill level 5 in Fighting
  7127 | D:7      | Reached skill level 5 in Armour
  7853 | D:8      | Reached skill level 6 in Fighting
  7864 | D:8      | Noticed Gastronok
  8294 | D:8      | Killed Gastronok
  8295 | D:8      | Reached skill level 9 in Fighting
  8295 | D:8      | Reached XP level 10. HP: 43/66 MP: 2/19
  8498 | D:8      | Noticed a two-headed ogre
  8505 | D:8      | Killed a two-headed ogre
  8506 | D:8      | Reached skill level 10 in Fighting
  8531 | D:8      | Noticed Maurice
  8557 | D:8      | Killed Maurice
  8558 | D:8      | Reached skill level 11 in Fighting
  9158 | D:9      | Noticed a death yak
  9159 | D:9      | Noticed a death yak
  9161 | D:9      | Noticed a death yak
  9173 | D:8      | Mangled by a death yak

Illustrated notes

Levels and vault maps discovered:
D:1:      shiori_arrival_elements, layout_loops_cross
D:2:      layout_loops_ring, uniq_terence
D:3:      layout_loops_ring, gammafunk_ghost_mausoleum, serial_shops,
          nicolae_diamond_shop, solitary_fountain
D:4:      minmay_octagon_keep, layout_basic, minmay_misc_feat_pillars
D:5:      layout_loops_ring, minmay_temple_entry_mini_moons, minivault_4,
          grunt_ministairs_7, uniq_menkaure, uniq_edmund, uniq_eustachio
D:6:      layout_basic, minitemple
D:7:      layout_basic
D:8:      layout_rooms, enter_bailey_2, uniq_maurice, uniq_gastronok
D:9:      layout_basic, palyth_temple_overflow_mages, grunt_gozag_breadcrumbs,
          dpeg_lair_monsters, orc_david_3
Temple:   chequers_temple_sunken

Skill      XL: |  1  2  3  4  5  6  7  8  9 10 |
---------------+-------------------------------+-----
Earth Magic    | 4 5 6 7 8 10 | 10.5
Spellcasting   | 3 4 6 |  6.0
Fighting       | 3 9 11 | 11.5
Armour         | 3 5 |  5.0
Dodging        | |  1.5
Stealth        | |  2.1
Transmutations | |  0.7

Action                   |  1- 3 |  4- 6 |  7- 9 | 10-12 || total
-------------------------+-------+-------+-------+-------++-------
Melee: Unarmed           |    10 |       |       |       ||    10
       Dagger            |       |     7 |    20 |       ||    27
       Punch             |       |       |     1 |       ||     1
       Flail             |       |       |     3 |     7 ||    10
       Staff             |       |       |     2 |       ||     2
 Fire: Sling             |       |    92 |    22 |       ||   114
 Cast: Sandblast         |    49 |    34 |   118 |    45 ||   246
       Stone Arrow       |       |     3 |    15 |    10 ||    28
  Use: Scroll            |       |     4 |     3 |     3 ||    10
       Potion            |       |     1 |     3 |       ||     4
Armor: Robe              |     7 |    33 |    32 |       ||    72
       Leather armour    |       |       |    21 |    31 ||    52
Dodge: Dodged            |    19 |    61 |    83 |    18 ||   181

Table legend: (Time is in decaauts)
 A = Elapsed time spent in this place.
 B = Non-inter-level travel time spent in this place.
 C = Inter-level travel time spent in this place.
 D = Time resting spent in this place.
 E = Time spent auto-exploring this place.
 F = Levels seen in this place.
 G = Mean time per level.
                   A        B        C        D        E       F      G
               +--------+--------+--------+--------+--------+-----+--------+
         Total |   9394 |   8606 |    788 |    866 |   6300 |  10 |  939.4 |
       Dungeon |   9161 |   8400 |    761 |    866 |   6100 |   9 | 1017.9 |
        Temple |    233 |    206 |     27 |      0 |    199 |   1 |  233.0 |
               +--------+--------+--------+--------+--------+-----+--------+

Top non-repeatable levels by time:
     D:7: 1583 daAuts
     D:3: 1316 daAuts
     D:5: 1250 daAuts
     D:4: 1175 daAuts
     D:1: 1007 daAuts
     D:6: 981 daAuts
     D:2: 900 daAuts
     D:8: 855 daAuts
  Temple: 233 daAuts
     D:9: 90 daAuts
